 Dungeon Crawl Stone Soup version 0.30.1-9-gdf580d7c3d (webtiles) character file.

Game seed: 4002483093895718531

159 lonewolfV2 the Trooper (level 5, 0/43 HPs)
             Began as a Demonspawn Fighter on Oct 24, 2023.
             Slain by an orc
             ... wielding a +0 flail
              (3 damage)
             ... on level 3 of the Dungeon.
             The game lasted 00:03:11 (2149 turns).

lonewolfV2 the Trooper (Demonspawn Fighter)         Turns: 2149, Time: 00:03:12

Health: 0/43       AC:  6    Str: 18    XL:     5   Next: 17%
Magic:  5/5        EV:  9    Int: 10    God:
Gold:   98         SH:  0    Dex: 12    Spells: 4/4 levels left

rFire   . . .        a - +0 war axe (vamp)
rCold   . . .        c - +0 buckler
rNeg    . . .        b - +0 scale mail
rPois   .            (no helmet)
rElec   .            (no cloak)
rCorr   .            (no gloves)
SInv    .            (no boots)
Will    .....        (no amulet) Stlth
                     (no ring)
HPRegen 0.27/turn    (no ring)
MPRegen 0.09/turn

%: no passive effects
@: confused
A: weakness stinger 1
a: no special abilities


You were on level 3 of the Dungeon.
You visited 1 branch of the dungeon, and saw 3 of its levels.

You collected 98 gold pieces.

Inventory:

Hand Weapons
 a - a +0 vampiric war axe (weapon)
Armour
 b - a +0 scale mail (worn)
 c - a +0 buckler (worn)
Scrolls
 g - 2 scrolls of vulnerability
Potions
 d - a potion of might
 e - a potion of degeneration {unknown}
 f - 2 potions of heal wounds
 i - 2 potions of lignification


   Skills:
 * Level 4.7 Fighting
 + Level 2.9 Axes
 - Level 2.6 Armour
 + Level 3.4 Shields


You had 4 spell levels left.
You didn't know any spells.
Your spell library contained the following spells:

 Spells                   Type           Power      Damage    Failure   Level
 Apportation              Tloc           0%         N/A       83%         1
 Necrotise                Necr           0%         1d4       83%         1
 Summon Small Mammal      Summ           0%         N/A       83%         1


Dungeon Overview and Level Annotations

Branches:
Dungeon (3/15)

Altars:


Innate Abilities, Weirdness & Mutations

You have a small tail.


Message History

The orc hits you with a +0 hand axe. x2
An orc comes into view. It is wielding a +0 flail.
Something hits you.
You barely miss something.
The orc shouts!
You hit the orc.
You kill the orc!
You hear some strange, mumbled words.
A magic dart appears from out of thin air!
The magic dart hits you.
Unknown command.
You miss something. You block something's attack.
You slash something! You tail-slap something.
Something hits you but does no damage. x2
You completely miss something. You block something's attack.
You closely miss something. Something hits you.
You miss something.
Your tail-slap misses something.
You hit the orc but do no damage.
You hear some strange, mumbled words.
Something tries to affect you, but you resist.
The orc hits you with a +0 flail! You block the orc's attack.
You hear some strange, mumbled words.
You are confused.
You closely miss the orc. You closely miss something.
The orc hits you but does no damage.
You hear some strange, mumbled words.
You are more confused.
You slash something!
Reactivating autopickup.
You feel a bit more experienced.
You hit the orc.
You feel better. The orc hits you with a +0 flail.
* * * LOW HITPOINT WARNING * * *
The goblin hits you but does no damage. The orc hits you with a +0 flail.
* * * LOW HITPOINT WARNING * * *
You have reached level 5!
You bump into the rock wall.
The goblin hits you but does no damage. The orc barely misses you.
You miss the goblin. You barely miss the orc.
The goblin hits you but does no damage. The orc hits you with a +0 flail.
You die...

# ###
#.#.#.##.#
......g@<#
###.#.##o#
.. ..# ...
.... ...
...... ##
#....#.#
..<..#.#
#........


You could see an orc and a goblin.

Vanquished Creatures
  2 orc wizards (D:3)
  Robin (D:2)
  A gnoll (D:1)
  3 adders (D:2)
  A worm (D:2)
  2 orcs (D:3)
  4 endoplasms
  2 giant cockroaches (D:2)
  10 goblins
  7 hobgoblins
  3 kobolds (D:1)
  3 quokkas
  4 ball pythons
  7 bats
  5 frilled lizards
  5 rats
60 creatures vanquished.

Notes
Turn   | Place    | Note
-------+----------+-------------------------------------------
     0 | D:1      | lonewolfV2 the Demonspawn Fighter began the quest for the
                  | Orb.
     0 | D:1      | Reached XP level 1. HP: 18/18 MP: 1/1
   114 | D:1      | Found a faded altar of an unknown god.
   265 | D:1      | Gained mutation: You have a small tail. [demonic ancestry]
   265 | D:1      | Reached XP level 2. HP: 21/24 MP: 2/2
   798 | D:1      | Reached XP level 3. HP: 30/30 MP: 3/3
  1207 | D:2      | Identified the +0 ring mail of the Accordion {Dex+3}
  1252 | D:2      | Reached skill level 4 in Fighting
  1484 | D:2      | Reached XP level 4. HP: 37/37 MP: 4/4
  1708 | D:2      | Noticed Robin
  1735 | D:2      | Killed Robin
  2148 | D:3      | Reached XP level 5. HP: 2/43 MP: 5/5
  2149 | D:3      | Slain by an orc

Illustrated notes

Levels and vault maps discovered:
D:1:      erik_arrival_blinker_ship, layout_basic, serial_curves,
          eino_curves_02, eino_curves_03,
          hellmonk_ecumenical_altar_leap_of_faith, minmay_ruptured
D:2:      layout_loops_ring, uniq_robin
D:3:      layout_basic, kennysheep_generic_room_2, uniq_ijyb, uniq_natasha,
          uniq_terence

Skill      XL: |  1  2  3 |
---------------+----------+-----
Axes           | 2 |  2.9
Shields        | 3 |  3.4
Fighting       | 4 |  4.7
Armour         | |  2.6

Action                     |  1- 3 |  4- 6 || total
---------------------------+-------+-------++-------
  Melee: War axe           |    94 |    56 ||   150
         Tailslap          |     1 |     3 ||     4
    Use: Scroll            |     4 |     3 ||     7
 Armour: Scale mail        |    54 |    34 ||    88
  Dodge: Dodged            |    40 |    30 ||    70
  Block: Buckler           |    17 |    17 ||    34
